 Dungeon Crawl Stone Soup version 0.22.1-2-g9c5b331383 (webtiles) character file.

7701 Knicklaso the Cleaver (level 11, -1/106 HPs)
             Began as a Deep Dwarf Fighter on Nov 26, 2018.
             Was a Priest of Makhleb.
             Slain by Snorg (13 damage)
             ... on level 10 of the Dungeon.
             The game lasted 00:19:29 (8500 turns).

Knicklaso the Cleaver (Deep Dwarf Fighter)          Turns: 8500, Time: 00:19:29

Health: -1/106     AC: 13    Str: 24    XL:     11   Next: 0%
Magic:  2/2        EV:  9    Int: 10    God:    Makhleb [***...]
Gold:   629        SH: 10    Dex: 15    Spells: 10/10 levels left

rFire    . . .     SeeInvis .   a - +0 war axe
rCold    . . .     Gourm    +   c - +0 shield
rNeg     . . .     Faith    .   C - +5 ring mail of Creativity {*Contam rElec Regen+}
rPois    .         Spirit   .   (no helmet)
rElec    +         Reflect  .   (no cloak)
rCorr    .         Harm     .   v - +2 pair of gloves {Dex+3}
MR       +....                  (no boots)
Stlth    +.........             h - amulet of the gourmand
HPRegen  0.00/turn              g - +1 ring of evasion (curse)
MPRegen  0.08/turn              j - +2 ring of strength

@: non-regenerating
A: damage resistance, heal wounds, sense surroundings 2, no regeneration
a: Heal Wounds, Minor Destruction, Lesser Servant of Makhleb, Renounce Religion


You were on level 10 of the Dungeon.
You worshipped Makhleb.
Makhleb was most pleased with you.
You were not hungry.

You visited 2 branches of the dungeon, and saw 11 of its levels.
You also visited: Bailey.

You collected 629 gold pieces.

Inventory:

Hand Weapons
 a - a +0 war axe (weapon)
Armour
 b - a +0 scale mail
 c - a +0 shield (worn)
 v - a +2 pair of gloves of dexterity (worn)
 C - the +5 ring mail of Creativity (worn) {*Contam rElec Regen+}
   (You found it on level 8 of the Dungeon)

   It insulates you from electricity.
   It causes magical contamination when unequipped.
   It increases your rate of regeneration.
 E - the +3 ring mail of Cheibriados's Regard {MR+ Str+4, unknown}
   (You found it on level 9 of the Dungeon)

   It affects your strength (+4).
   It affects your resistance to hostile enchantments.
Jewellery
 g - a cursed +1 ring of evasion (left hand)
 h - an amulet of the gourmand (around neck)
 j - a +2 ring of strength (right hand)
 B - an uncursed ring of magical power {unknown}
 D - a cursed amulet of inaccuracy {unknown}
 H - an uncursed amulet of magic regeneration {unknown}
Wands
 s - a wand of polymorph (14)
 t - a wand of paralysis (10)
 A - a wand of acid (3)
 F - a wand of flame (19)
Scrolls
 i - 3 scrolls of identify
 m - 6 scrolls of teleportation
 o - a scroll of magic mapping {unknown}
 u - a scroll of remove curse
 y - 2 scrolls of amnesia
 G - a scroll of fear {unknown}
 I - a scroll of vulnerability {unknown}
Potions
 d - 3 potions of might
 e - a potion of cancellation {unknown}
 k - a potion of lignification {unknown}
 l - 2 potions of flight {unknown}
 n - 2 potions of agility {unknown}
 p - a potion of berserk rage {unknown}
 q - 6 potions of curing {unknown}
 r - 3 potions of haste {unknown}
 w - 3 potions of heal wounds {unknown}
 x - 7 potions of degeneration {unknown}
 z - a potion of brilliance {unknown}
Comestibles
 f - 16 rations


   Skills:
 + Level 9.5 Fighting
 * Level 14.5 Axes
 - Level 3.2 Armour
 - Level 3.2 Shields


You had 10 spell levels left.
You didn't know any spells.
Your spell library contained the following spells:

 Spells                   Type           Power        Failure   Level  Hunger
 Confusing Touch          Hex            #.....       95%         1    ##.....
 Confuse                  Hex            #.......     100%        3    ####...
 Gell's Gravitas          Tloc           #.........   100%        3    ####...
 Petrify                  Tmut/Erth      #.......     100%        4    #####..
 Metabolic Englaciation   Hex/Ice        #.........   100%        5    ######.
 Yara's Violent Unravell  Hex/Tmut       #.........   100%        5    ######.


Dungeon Overview and Level Annotations

Branches:
Dungeon (10/15)            Temple (1/1) D:7
   Lair: D:8-11         Orc: D:9-12

Altars:
Ashenzari
Cheibriados
Dithmenos
Elyvilon
Fedhas
Gozag
Hepliaklqana
Kikubaaqudgha
Makhleb
Nemelex Xobeh
Okawaru
Qazlal
Ru
Sif Muna
Trog
Uskayaw
Vehumet
Wu Jian
Xom
Yredelemnul
Zin
The Shining One

Annotations:
D:8 1 transporter
D:10 4 runed doors, Marlight's ghost, novice DDBe; Snorg


Innate Abilities, Weirdness & Mutations

You are resistant to damage.
You can heal yourself by infusing magical energy.
You passively map the area around you.
You do not regenerate.


Message History

Snorg is almost dead.
You block Snorg's attack. x3
You closely miss Snorg.
Snorg is almost dead.
Snorg bites you but does no damage. You block Snorg's attack. x2
You closely miss Snorg.
Snorg is almost dead.
Snorg bites you but does no damage. Snorg claws you but does no damage.
You block Snorg's attack.
You completely miss Snorg.
Snorg is almost dead.
Snorg bites you!
* * * LOW HITPOINT WARNING * * *
Snorg closely misses you. You block Snorg's attack.
You closely miss Snorg.
Snorg is almost dead.
Snorg bites you. Snorg barely misses you. Snorg claws you. Snorg bites you!!
* * * LOW HITPOINT WARNING * * *
You block Snorg's attack. Snorg claws you!
You die...

, * , , ...... *
#.......... ,
...... ,
*#..........
...... ,
#..........,,
...... # ,
#.......... ,
...... #.
*#..........,
,...... #..
#.......... ......
#..##...T......
......
#......@.......
...... *
#..............*
...... ,
#..##..........
...... ,,.,,
#..........*
...... *
,....##...#####..*
...... ,
#...##...# .*
...... #....
#...##...# * ,
......
#....##...##...# *
......
#....##...##...#
,,, ......


You could see Snorg (berserk).

Vanquished Creatures
  A two-headed ogre (D:9)
  A queen ant (D:9)
  A centaur skeleton (D:10)
  2 trolls (D:10)
  2 hornets
  A water moccasin (D:6)
  7 soldier ants (D:9)
  An orc warrior (D:10)
  4 ice beasts
  5 ogres
  4 centaurs
  2 big kobolds
  A gnoll sergeant (D:8)
  4 bullfrogs
  5 scorpions
  10 wights
  A howler monkey (D:7)
  3 crimson imps
  A bullfrog zombie (D:4)
  2 centaur zombies
  6 hounds
  7 orc priests
  3 bullfrog skeletons
  7 iguanas
  10 orc wizards
  Natasha (twice) (D:3)
  30 worker ants
  A killer bee zombie (D:9)
  5 gnolls (D:8)
  8 adders
  A shadow imp (D:9)
  An ooze (D:1)
  An adder skeleton (D:4)
  2 worms
  A dart slug (D:3)
  4 leopard geckos
  48 orcs
  5 giant cockroaches
  6 goblins
  7 hobgoblins
  5 jackals
  12 kobolds
  6 quokkas
  2 ball pythons
  11 bats
  2 frilled lizards
  A quokka skeleton (D:9)
  A quokka zombie (D:8)
  9 rats
  A plant (D:3)
263 creatures vanquished.

Notes
Turn   | Place    | Note
-------+----------+-------------------------------------------
     0 | D:1      | Knicklaso the Deep Dwarf Fighter began the quest for the
                  | Orb.
     0 | D:1      | Reached XP level 1. HP: 20/20 MP: 1/1
    96 | D:1      | Reached XP level 2. HP: 22/27 MP: 2/2
   145 | D:1      | Reached skill level 3 in Axes
   740 | D:2      | Reached XP level 3. HP: 20/34 MP: 3/3
  1023 | D:2      | Found an iron altar of Okawaru.
  1399 | D:3      | Reached skill level 4 in Axes
  1455 | D:3      | Reached XP level 4. HP: 22/42 MP: 4/4
  1581 | D:3      | Noticed an ogre
  1588 | D:3      | Killed an ogre
  1588 | D:3      | Reached skill level 5 in Axes
  1588 | D:3      | Reached XP level 5. HP: 18/50 MP: 5/5
  1816 | D:3      | Reached XP level 6. HP: 21/57 MP: 5/5
  1836 | D:3      | Reached skill level 6 in Axes
  1867 | D:3      | Noticed Natasha
  1873 | D:3      | Killed Natasha
  1891 | D:3      | Noticed Natasha
  1914 | D:3      | Killed Natasha
  2485 | D:4      | Reached XP level 7. HP: 26/66 MP: 3/3
  2561 | D:4      | Reached skill level 7 in Axes
  2772 | D:5      | Entered Level 5 of the Dungeon
  3240 | D:5      | Reached skill level 5 in Fighting
  3751 | D:6      | Found an ornate altar of the Wu Jian Council.
  3751 | D:6      | Found a radiant altar of Vehumet.
  3751 | D:6      | Found an opulent altar of Gozag.
  3802 | D:6      | Reached skill level 8 in Axes
  3932 | D:6      | Reached XP level 8. HP: 40/75 MP: 3/3
  4068 | D:6      | Reached skill level 9 in Axes
  4314 | D:6      | Reached skill level 10 in Axes
  4878 | D:7      | Found a flagged portal.
  5091 | D:7      | Found a staircase to the Ecumenical Temple.
  5102 | Temple   | Entered the Ecumenical Temple
  5111 | Temple   | Became a worshipper of Makhleb the Destroyer
  5330 | Bailey   | Entered a bailey
  5466 | D:7      | Gained mutation: You passively map the area around you.
                  | [Deep Dwarf growth]
  5466 | D:7      | Reached XP level 9. HP: 49/85 MP: 3/3
  5845 | D:8      | Reached skill level 11 in Axes
  5936 | D:8      | Found a stormy altar of Qazlal.
  6026 | D:8      | Reached * piety under Makhleb
  6046 | D:8      | Found a transporter.
  6526 | D:8      | Got a scorched ring mail
  6533 | D:8      | Identified the +5 ring mail of Creativity {*Contam rElec
                  | Regen+} (You found it on level 8 of the Dungeon)
  6603 | D:9      | Noticed a two-headed ogre
  6609 | D:9      | Killed a two-headed ogre
  6609 | D:9      | Reached skill level 12 in Axes
  6685 | D:9      | Reached XP level 10. HP: 39/96 MP: 3/3
  6706 | D:9      | Noticed a queen ant
  6739 | D:9      | Killed a queen ant
  6739 | D:9      | Reached skill level 13 in Axes
  6745 | D:9      | Reached ** piety under Makhleb
  7003 | D:9      | Got a distressingly furry ring mail
  7096 | D:9      | Found a shimmering altar of Xom.
  7139 | D:9      | Reached skill level 14 in Axes
  7319 | D:9      | Found a white marble altar of Elyvilon.
  7869 | D:10     | Entered Level 10 of the Dungeon
  7879 | D:10     | Reached *** piety under Makhleb
  7908 | D:10     | Paralysed by a hornet for 1 turns
  7927 | D:10     | Found a runed gate.
  7927 | D:10     | Noticed Marlight's ghost (novice DDBe)
  7928 | D:10     | Found a runed gate.
  8188 | D:10     | Reached XP level 11. HP: 57/106 MP: 2/2
  8411 | D:10     | Found a runed gate.
  8436 | D:10     | Found a runed door.
  8480 | D:10     | Noticed Snorg
  8500 | D:10     | Slain by Snorg

Skill      XL: |  1  2  3  4  5  6  7  8  9 10 |
---------------+-------------------------------+-----
Axes           | 3 4 5 6 8 10 12 14 | 14.5
Fighting       | 3 4 5 6 8 9 |  9.5
Armour         | |  3.2
Shields        | |  3.2

Action                   |  1- 3 |  4- 6 |  7- 9 | 10-12 || total
-------------------------+-------+-------+-------+-------++-------
Melee: War axe           |   168 |   172 |   389 |   260 ||   989
 Abil: Heal Wounds       |       |     7 |    11 |    12 ||    30
  Use: Scroll            |       |     4 |     1 |       ||     5
  Eat: Chunk             |     2 |     3 |    12 |     6 ||    23
       Ration            |       |       |     2 |       ||     2
Armor: Scale mail        |    79 |    63 |   155 |       ||   297
       Ring mail         |       |       |    14 |   136 ||   150
Dodge: Dodged            |    67 |    46 |   110 |   102 ||   325
Block: Shield            |   116 |    83 |   208 |   143 ||   550
